 Dungeon Crawl Stone Soup version 0.19.0-18-g426998a (webtiles) character file.

236 dracos369 the Slasher (level 5, -1/61 HPs)
             Began as a Draconian Warper on Nov 11, 2016.
             Slain by a gnoll
             ... wielding a +0 halberd
              (2 damage)
             ... on level 3 of the Dungeon.
             The game lasted 00:16:15 (3522 turns).

dracos369 the Slasher (Draconian Warper)            Turns: 3522, Time: 00:16:15

Health: -1/61      AC:  6    Str: 18    XL:     5   Next: 77%
Magic:  6/8        EV: 12    Int: 14    God:
Gold:   168        SH:  0    Dex: 11    Spells: 3 memorised, 1 level left

rFire  . . .     SeeInvis .     a - +0 falchion
rCold  + . .     Gourm    .     (armour unavailable)
rNeg   . . .     Faith    .     (no shield)
rPois  +         Spirit   .     (helmet restricted)
rElec  .         Reflect  .     u - +0 cloak
rCorr  .         Harm     .     (no gloves)
MR     .....                    (no boots)
Stlth  ..........               (no amulet)
                                t - ring of poison resistance
                                k - ring of protection from cold

@: berserking, very quick
A: unfitting armour, cold-blooded, AC +5
a: no special abilities


You were on level 3 of the Dungeon.
You were not hungry.

You visited 1 branch of the dungeon, and saw 4 of its levels.
You also visited: Sewer.

You collected 168 gold pieces.

Inventory:

Hand Weapons
 a - a +0 falchion (weapon)
Missiles
 d - 12 tomahawks of dispersal {=f}
 n - 142 stones (quivered)
Armour
 o - a +0 shield
 u - a +0 cloak (worn)
Jewellery
 k - a ring of protection from cold (left hand)
 t - a ring of poison resistance (right hand)
Scrolls
 c - 2 scrolls of blinking
 g - 2 scrolls of remove curse
 i - 2 scrolls of immolation
 j - a scroll of recharging {unknown}
 v - a scroll of enchant weapon {unknown}
Potions
 e - a potion of heal wounds {unknown}
 h - 3 potions of lignification {unknown}
 l - a potion of magic {unknown}
 r - a potion of curing {unknown}
Books
 b - a book of Spatial Translocations

   Spells                             Type                      Level
   a - Blink                          Translocation                2
   b - Shroud of Golubria             Charms/Translocation         2
   c - Lesser Beckoning               Translocation                3
   d - Portal Projectile              Translocation                3
   e - Teleport Other                 Translocation                3
   f - Passage of Golubria            Translocation                4
Comestibles
 f - 3 bread rations
 m - a chunk of flesh
 p - a beef jerky
 s - 3 meat rations


   Skills:
 - Level 2.1 Fighting
 + Level 5.4 Long Blades
 - Level 0.8 Throwing
 - Level 2.1 Dodging
 - Level 2.0 Spellcasting
 + Level 4.0 Translocations


You had one spell level left.
You knew the following spells:

 Your Spells              Type           Power        Failure   Level  Hunger
a - Lesser Beckoning      Tloc           ##........   14%         3    ####...
b - Blink                 Tloc           N/A          10%         2    ###....
g - Shroud of Golubria    Chrm/Tloc      #.........   17%         2    ###....


Dungeon Overview and Level Annotations

Branches:
Dungeon (4/15)             Temple (0/1) D:4

Altars:
Hepliaklqana

Annotations:
D:4 Blork the orc, Robin


Innate Abilities, Weirdness & Mutations

Your plain brown scales are hard. (AC +5)
You cannot fit into any form of body armour.
You are cold-blooded and may be slowed by cold attacks.


Message History

The gnoll is moderately wounded.
Your shroud bends the gnoll's attack away.
You hit the gnoll but do no damage. You tail-slap the gnoll.
The gnoll is severely wounded.
The gnoll hits you with a halberd!
Your shroud falls apart!
The gnoll barely misses you.
You riposte.
You closely miss the gnoll.
The gnoll is lightly wounded.
Your magical contamination has completely faded away.
You barely miss the gnoll.
Your tail-slap misses the gnoll.
The gnoll is severely wounded.
The gnoll hits you with a halberd!
* * * LOW HITPOINT WARNING * * *
The gnoll hits you with a spear!
* * * LOW HITPOINT WARNING * * *
Unknown command.
A red film seems to cover your vision as you go berserk!
You feel yourself moving faster!
You feel mighty! The gnoll hits you with a halberd.
You die...

..............##...# #....# #
..............##.########....####
###...........##......g.g........
#...........##..#####.#....##.#
#...........##..#####.##...##.#
######...#####........#........
#...# #..#####.#....##.. #...#
#gg# #.#....##.. #...# #@.#
#.#.#####.. ##### ##(# #.#. #..
#.# #... #.# #... #.# #.. .. ....
.# .#


You could see 2 gnolls.

Vanquished Creatures
  2 bullfrogs (Sewer)
  A gnoll (D:2)
  An adder (D:2)
  3 dart slugs
  A worm (D:2)
  8 leopard geckos
  10 giant cockroaches
  4 goblins
  7 hobgoblins
  2 jackals (D:2)
  4 quokkas
  3 ball pythons
  8 bats
  11 frilled lizards
  A kobold (D:1)
  4 rats
70 creatures vanquished.

Notes
Turn   | Place    | Note
-------+----------+-------------------------------------------
     0 | D:1      | dracos369 the Draconian Warper began the quest for the Orb.
     0 | D:1      | Reached XP level 1. HP: 17/17 MP: 3/3
   211 | D:1      | Reached XP level 2. HP: 24/24 MP: 5/5
   325 | D:1      | Reached skill level 3 in Long Blades
  1110 | D:2      | Learned a level 2 spell: Shroud of Golubria
  1113 | D:2      | Learned a level 2 spell: Blink
  1427 | D:2      | Reached XP level 3. HP: 24/29 MP: 6/6
  1929 | D:2      | Reached skill level 4 in Long Blades
  2083 | D:2      | Found a hazy altar of Hepliaklqana.
  2414 | D:4      | Noticed Robin
  2417 | D:4      | Noticed Blork the orc
  2513 | D:4      | Found a glowing drain.
  2542 | D:4      | Reached XP level 4. HP: 25/36 MP: 4/7
  2567 | Sewer    | Entered a sewer
  2670 | Sewer    | Learned a level 3 spell: Lesser Beckoning
  3105 | Sewer    | Noticed a bullfrog
  3106 | Sewer    | Noticed a bullfrog
  3111 | Sewer    | Killed a bullfrog
  3111 | Sewer    | Reached skill level 5 in Long Blades
  3111 | Sewer    | Reached XP level 5. HP: 41/41 MP: 5/8
  3521 | D:3      | HP: 1/41 [gnoll/spear (9)]
  3522 | D:3      | Slain by a gnoll

Skill      XL: |  1  2  3  4  5 |
---------------+----------------+-----
Long Blades    | 3 4 5 |  5.4
Translocations | 4 |  4.0
Fighting       | |  2.1
Throwing       | |  0.8
Dodging        | |  2.1
Spellcasting   | |  2.0

Action                   |  1- 3 |  4- 6 || total
-------------------------+-------+-------++-------
Melee: Falchion          |   165 |    76 ||   241
       Tailslap          |    15 |    12 ||    27
 Cast: Shroud of Golubri |     8 |    16 ||    24
       Blink             |       |     8 ||     8
       Lesser Beckoning  |       |     4 ||     4
  Use: Scroll            |     6 |       ||     6
       Potion            |       |     2 ||     2
 Stab: Sleeping          |     2 |       ||     2
  Eat: Chunk             |     6 |     6 ||    12
Armor: Skin              |    82 |    29 ||   111
Dodge: Dodged            |   125 |    66 ||   191
       Rpst.: Falchion   |    39 |    24 ||    63
